| TOP OF THE 1ST |
|
Lake County Captains batting - Pitching for Greenville Drive : LHP Chris Deans
|
|
Pitching: LHP Chris Deans
|
|
|
Batting: RHB Steve Gusman
|
0-0: Called Strike 0-1: Called Strike 0-2: Ground out 1-3 (Groundball, 13S, EV 70.0 MPH)
|
|
Batting: LHB Devon Grant
|
0-0: DOUBLE (Groundball, 5L, EV 98.8 MPH)
|
|
Batting: LHB Dave Key
|
0-0: Ball 1-0: Ball Devon Grant is caught stealing 3rd base 2-5 2-0: Ball 3-0: Base on Balls
|
|
Batting: RHB Josh Stinnett
|
0-0: Fielders Choice at 2nd, 6-4 (Groundball, 6, EV 93.1 MPH)
|
| Top of the 1st over - 0 runs, 1 hit, 0 errors, 1 left on base; Lake County 0 - Greenville 0 |
| BOTTOM OF THE 1ST |
|
Greenville Drive batting - Pitching for Lake County Captains : RHP Nesty Pulido
|
|
Pitching: RHP Nesty Pulido
|
|
|
Batting: LHB Stanislav Parusov
|
0-0: Ball 1-0: Ball 2-0: Ball 3-0: Foul Ball, location: 2F 3-1: Swinging Strike 3-2: Foul Ball, location: 2F 3-2: Base on Balls
|
|
Batting: RHB David Norum
|
0-0: Ball Stanislav Parusov steals 2nd base 1-0: Ground out 4-3 (Groundball, 4MD, EV 89.4 MPH) Stanislav Parusov to third
|
|
Batting: LHB John Criswell
|
0-0: Ball 1-0: Called Strike 1-1: Foul Ball, location: 2F 1-2: Foul Ball, location: 2F 1-2: Foul Ball, location: 2F 1-2: Ball 2-2: Ball 3-2: Base on Balls
|
|
Batting: LHB Nelis Geurts
|
0-0: Called Strike 0-1: Fly out, F7 (Flyball, 78M, EV 76.2 MPH)
|
|
Batting: RHB Larry Brocato
|
0-0: Called Strike 0-1: Called Strike 0-2: Ball 1-2: Strikes out swinging
|
| Bottom of the 1st over - 0 runs, 0 hits, 0 errors, 2 left on base; Lake County 0 - Greenville 0 |
| TOP OF THE 2ND |
|
Lake County Captains batting - Pitching for Greenville Drive : LHP Chris Deans
|
|
Batting: RHB Reynaldo Herrera
|
0-0: Foul Ball, location: 2F 0-1: Foul Ball, location: 2F 0-2: Strikes out looking
|
|
Batting: LHB Danny Moreno
|
0-0: Ground out U3 (Groundball, 34S, EV 88.8 MPH)
|
|
Batting: RHB Shane Smith
|
0-0: Ball 1-0: Fly out, F7 (Flyball, 7, EV 87.5 MPH)
|
| Top of the 2nd over - 0 runs, 0 hits, 0 errors, 0 left on base; Lake County 0 - Greenville 0 |
| BOTTOM OF THE 2ND |
|
Greenville Drive batting - Pitching for Lake County Captains : RHP Nesty Pulido
|
|
Batting: RHB Josh Helman
|
0-0: Called Strike 0-1: Swinging Strike 0-2: Foul Ball, location: 2F 0-2: Ground out 5-3 (Groundball, 56, EV 103.8 MPH)
|
|
Batting: RHB Joel Vazquez
|
0-0: Fly out, F9 (Flyball, 89S, EV 90.0 MPH)
|
|
Batting: RHB Ted Emmerich
|
0-0: Ground out U3 (Groundball, 34, EV 101.2 MPH)
|
| Bottom of the 2nd over - 0 runs, 0 hits, 0 errors, 0 left on base; Lake County 0 - Greenville 0 |
| TOP OF THE 3RD |
|
Lake County Captains batting - Pitching for Greenville Drive : LHP Chris Deans
|
|
Batting: RHB Vij Ramamani
|
0-0: Ground out 4-3 (Groundball, 4, EV 94.4 MPH)
|
|
Batting: RHB Gashie Chimsima
|
0-0: Called Strike 0-1: Foul Ball, location: 2F 0-2: Strikes out swinging
|
|
Batting: RHB Steve Gusman
|
0-0: Called Strike 0-1: Foul Ball, location: 2F 0-2: Ball 1-2: Foul Ball, location: 2F 1-2: Foul Ball, location: 2F 1-2: TRIPLE (Line Drive, 78XD, EV 100.0 MPH)
|
|
Batting: LHB Devon Grant
|
0-0: Ball 1-0: Ball 2-0: Swinging Strike 2-1: Swinging Strike 2-2: Ground out 5-3 (Groundball, 56S, EV 70.6 MPH)
|
| Top of the 3rd over - 0 runs, 1 hit, 0 errors, 1 left on base; Lake County 0 - Greenville 0 |
| BOTTOM OF THE 3RD |
|
Greenville Drive batting - Pitching for Lake County Captains : RHP Nesty Pulido
|
|
Batting: RHB Rogelio Cervantes
|
0-0: Called Strike 0-1: Ball 1-1: Ball 2-1: SINGLE (Groundball, 6, EV 95.6 MPH)
|
|
Batting: LHB Stanislav Parusov
|
0-0: Ball Rogelio Cervantes steals 2nd base 1-0: Ball 2-0: Ball 3-0: Base on Balls
|
|
Batting: RHB David Norum
|
0-0: Foul Ball, location: 2F 0-1: SINGLE (Line Drive, 34D, EV 98.1 MPH) Rogelio Cervantes to third Stanislav Parusov to second
|
|
Batting: LHB John Criswell
|
0-0: Ball 1-0: SINGLE (Line Drive, 9S, EV 90.6 MPH) Rogelio Cervantes scores Stanislav Parusov to third David Norum to second
|
|
Batting: LHB Nelis Geurts
|
0-0: Ball 1-0: Swinging Strike 1-1: Ball 2-1: SINGLE (Groundball, 56D, EV 107.5 MPH) Stanislav Parusov scores David Norum to third John Criswell to second
|
|
Batting: RHB Larry Brocato
|
0-0: Fly out, F9 (Line Drive, 34D, EV 63.1 MPH) Runner from 3rd tags up, SCORES, throw by RF
|
|
Batting: RHB Josh Helman
|
0-0: Swinging Strike 0-1: Foul Ball, location: 2F 0-2: Ball 1-2: Strikes out looking
|
|
Batting: RHB Joel Vazquez
|
0-0: Ball 1-0: Ball 2-0: SINGLE (Groundball, 56D, EV 105.6 MPH) John Criswell to third Nelis Geurts to second
|
|
Batting: RHB Ted Emmerich
|
0-0: Ground out 4-3 (Groundball, 4D, EV 92.5 MPH)
|
| Bottom of the 3rd over - 3 runs, 5 hits, 0 errors, 3 left on base; Lake County 0 - Greenville 3 |
| TOP OF THE 4TH |
|
Lake County Captains batting - Pitching for Greenville Drive : LHP Chris Deans
|
|
Batting: LHB Dave Key
|
0-0: SINGLE (Groundball, 5D, EV 103.1 MPH)
|
|
Batting: RHB Josh Stinnett
|
0-0: Ball 1-0: Ball 2-0: Ball 3-0: Base on Balls Dave Key to second
|
|
Batting: RHB Reynaldo Herrera
|
0-0: Swinging Strike 0-1: Swinging Strike 0-2: Strikes out looking
|
|
Batting: LHB Danny Moreno
|
0-0: Foul Ball, location: 2F 0-1: Ball 1-1: Ball 2-1: Foul Ball, location: 2F 2-2: Ball 3-2: Fly out, F8 (Flyball, 78M, EV 96.2 MPH)
|
|
Batting: RHB Shane Smith
|
0-0: Ball 1-0: Ball 2-0: Called Strike 2-1: Swinging Strike 2-2: Ball 3-2: Foul Ball, location: 2F 3-2: Foul Ball, location: 2F 3-2: Base on Balls Dave Key to third Josh Stinnett to second
|
|
Batting: RHB Vij Ramamani
|
0-0: Ball 1-0: Foul Ball, location: 2F 1-1: Ground out 6-3 (Groundball, 6M, EV 110.0 MPH)
|
| Top of the 4th over - 0 runs, 1 hit, 0 errors, 3 left on base; Lake County 0 - Greenville 3 |
| BOTTOM OF THE 4TH |
|
Greenville Drive batting - Pitching for Lake County Captains : RHP Nesty Pulido
|
|
Batting: RHB Rogelio Cervantes
|
0-0: Ball 1-0: Ball 2-0: Ground out 5-3 (Groundball, 5S, EV 62.5 MPH)
|
|
Batting: LHB Stanislav Parusov
|
0-0: Ball 1-0: Called Strike 1-1: Ball 2-1: Fly out, F6 (Line Drive, 6M, EV 71.9 MPH)
|
|
Batting: RHB David Norum
|
0-0: Ball 1-0: Ball 2-0: Fly out, F8 (Flyball, 89D, EV 100.6 MPH)
|
| Bottom of the 4th over - 0 runs, 0 hits, 0 errors, 0 left on base; Lake County 0 - Greenville 3 |
| TOP OF THE 5TH |
|
Lake County Captains batting - Pitching for Greenville Drive : LHP Chris Deans
|
|
Batting: RHB Gashie Chimsima
|
0-0: Ball 1-0: Foul Ball, location: 2F 1-1: Fly out, F7 (Flyball, 7S, EV 80.6 MPH)
|
|
Batting: RHB Steve Gusman
|
0-0: Ground out 6-3 (Groundball, 6, EV 87.5 MPH)
|
|
Batting: LHB Devon Grant
|
0-0: Called Strike 0-1: Ball 1-1: Ball 2-1: Foul Ball, location: 2F 2-2: Ground out 1-3 (Groundball, 13S, EV 72.5 MPH)
|
| Top of the 5th over - 0 runs, 0 hits, 0 errors, 0 left on base; Lake County 0 - Greenville 3 |
| BOTTOM OF THE 5TH |
|
Greenville Drive batting - Pitching for Lake County Captains : RHP Nesty Pulido
|
|
Batting: LHB John Criswell
|
0-0: Called Strike 0-1: Called Strike 0-2: Ball 1-2: Strikes out looking
|
|
Batting: LHB Nelis Geurts
|
0-0: Ball 1-0: Ball 2-0: Ground out U3 (Groundball, 3, EV 103.8 MPH)
|
|
Batting: RHB Larry Brocato
|
0-0: Ball 1-0: Ground out U3 (Groundball, 34S, EV 87.5 MPH)
|
| Bottom of the 5th over - 0 runs, 0 hits, 0 errors, 0 left on base; Lake County 0 - Greenville 3 |
| TOP OF THE 6TH |
|
Lake County Captains batting - Pitching for Greenville Drive : LHP Chris Deans
|
|
Batting: LHB Dave Key
|
0-0: Called Strike 0-1: Foul Ball, location: 2F 0-2: Ground out 5-3 (Groundball, 5, EV 96.9 MPH)
|
|
Batting: RHB Josh Stinnett
|
0-0: Foul Ball, location: 2F 0-1: Foul Ball, location: 2F 0-2: Ball 1-2: Strikes out looking
|
|
Batting: RHB Reynaldo Herrera
|
0-0: Ball 1-0: Swinging Strike 1-1: Foul Ball, location: 2F 1-2: Foul Ball, location: 2F 1-2: Ball 2-2: Ball 3-2: Base on Balls
|
|
Batting: LHB Danny Moreno
|
0-0: Called Strike 0-1: Ground out 4-3 (Groundball, 4, EV 97.5 MPH)
|
| Top of the 6th over - 0 runs, 0 hits, 0 errors, 1 left on base; Lake County 0 - Greenville 3 |
| BOTTOM OF THE 6TH |
|
Greenville Drive batting - Pitching for Lake County Captains : RHP Nesty Pulido
|
|
Batting: RHB Josh Helman
|
0-0: Ball 1-0: Ball 2-0: Ball 3-0: Called Strike 3-1: Base on Balls
|
|
Batting: RHB Joel Vazquez
|
0-0: Called Strike 0-1: Swinging Strike 0-2: Grounds into double play, 5-4-3 (Groundball, 56, EV 84.4 MPH)
|
|
Batting: RHB Ted Emmerich
|
0-0: Called Strike 0-1: Ground out 4-3 (Groundball, 4, EV 86.9 MPH)
|
| Bottom of the 6th over - 0 runs, 0 hits, 0 errors, 0 left on base; Lake County 0 - Greenville 3 |
| TOP OF THE 7TH |
|
Lake County Captains batting - Pitching for Greenville Drive : LHP Chris Deans
|
|
Batting: RHB Shane Smith
|
0-0: Called Strike 0-1: Foul Ball, location: 2F 0-2: Ball 1-2: Ball 2-2: SINGLE (Groundball, 6MD, EV 98.8 MPH)
|
|
Batting: RHB Vij Ramamani
|
0-0: Called Strike 0-1: Ball 1-1: Fielders Choice at 2nd, 4-6 (Groundball, 4, EV 89.4 MPH)
|
|
Batting: RHB Gashie Chimsima
|
0-0: Ball 1-0: Called Strike 1-1: Ball 2-1: Foul Ball, location: 2F 2-2: Strikes out swinging
|
|
Pitching: RHP Paul Carter
|
|
|
Batting: RHB Steve Gusman
|
0-0: Ball Vij Ramamani steals 2nd base 1-0: Ground out 4-3 (Groundball, 4S, EV 72.5 MPH)
|
| Top of the 7th over - 0 runs, 1 hit, 0 errors, 1 left on base; Lake County 0 - Greenville 3 |
| BOTTOM OF THE 7TH |
|
Greenville Drive batting - Pitching for Lake County Captains : RHP Nesty Pulido
|
|
Pitching: RHP Victor Amador
|
|
|
Batting: RHB Rogelio Cervantes
|
0-0: Fly out, F6 (Line Drive, 6, EV 74.4 MPH)
|
|
Batting: LHB Stanislav Parusov
|
0-0: Ball 1-0: Ball 2-0: Ball 3-0: Base on Balls
|
|
Batting: RHB David Norum
|
0-0: Ball Stanislav Parusov steals 2nd base 1-0: Ball Stanislav Parusov steals 3rd base 2-0: Called Strike 2-1: Foul Ball, location: 2F 2-2: Foul Ball, location: 2F 2-2: Strikes out swinging
|
|
Batting: LHB John Criswell
|
0-0: Called Strike 0-1: DOUBLE (Flyball, 8LXD, EV 111.2 MPH) Stanislav Parusov scores
|
|
Batting: LHB Nelis Geurts
|
0-0: Ball 1-0: Ball Wild Pitch! John Criswell to third 2-0: Foul Ball, location: 2F 2-1: Ground out 4-3 (Groundball, 34, EV 88.8 MPH)
|
| Bottom of the 7th over - 1 run, 1 hit, 0 errors, 1 left on base; Lake County 0 - Greenville 4 |
| TOP OF THE 8TH |
|
Lake County Captains batting - Pitching for Greenville Drive : RHP Paul Carter
|
|
Pitching: RHP Wing-chiu Ya
|
|
|
Batting: LHB Devon Grant
|
0-0: Ball 1-0: Fly out, F8 (Line Drive, 8LS, EV 103.8 MPH)
|
|
Batting: LHB Dave Key
|
0-0: Ball 1-0: Swinging Strike 1-1: Ball 2-1: Foul Ball, location: 2F 2-2: Strikes out swinging
|
|
Batting: RHB Josh Stinnett
|
0-0: Called Strike 0-1: Called Strike 0-2: Ball 1-2: Ground out 1-3 (Groundball, 25, EV 67.5 MPH)
|
| Top of the 8th over - 0 runs, 0 hits, 0 errors, 0 left on base; Lake County 0 - Greenville 4 |
| BOTTOM OF THE 8TH |
|
Greenville Drive batting - Pitching for Lake County Captains : RHP Victor Amador
|
|
Batting: RHB Larry Brocato
|
0-0: Foul Ball, location: 2F 0-1: Ball 1-1: Ground out 5-3 (Groundball, 5, EV 80.6 MPH)
|
|
Batting: RHB Josh Helman
|
0-0: Ball 1-0: Fly out, F7 (Flyball, 78D, EV 95.6 MPH)
|
|
Batting: RHB Joel Vazquez
|
0-0: Ball 1-0: Ball 2-0: Ball 3-0: Base on Balls
|
|
Batting: RHB Ted Emmerich
|
0-0: Ball 1-0: Ground out U3 (Groundball, 3, EV 101.2 MPH)
|
| Bottom of the 8th over - 0 runs, 0 hits, 0 errors, 1 left on base; Lake County 0 - Greenville 4 |
| TOP OF THE 9TH |
|
Lake County Captains batting - Pitching for Greenville Drive : RHP Wing-chiu Ya
|
|
Batting: RHB Reynaldo Herrera
|
0-0: Ball 1-0: Called Strike 1-1: Swinging Strike 1-2: Strikes out swinging, 2-3 out at first.
|
|
Batting: LHB Danny Moreno
|
0-0: Swinging Strike 0-1: Foul Ball, location: 2F 0-2: Ground out U3 (Groundball, 34, EV 83.1 MPH)
|
|
Batting: RHB Shane Smith
|
0-0: Foul Ball, location: 2F 0-1: Fly out, F6 (Popup, 56D, EV 61.2 MPH)
|
| Top of the 9th over - 0 runs, 0 hits, 0 errors, 0 left on base; Lake County 0 - Greenville 4 |
|